 Dungeon Crawl Stone Soup version 0.23.1 (webtiles) character file.

Game seed: 0

692 humpolec the Covered (level 7, -10/90 HPs)
             Began as a Hill Orc Fighter on Mar 10, 2019.
             Was a Follower of Okawaru.
             Killed by divine providence
             ... invoked by an orc priest
              (17 damage)
             ... on level 6 of the Dungeon.
             The game lasted 00:44:15 (5027 turns).

humpolec the Covered (Hill Orc Fighter)             Turns: 5027, Time: 00:44:16

Health: -10/90     AC: 13    Str: 25    XL:     7   Next: 63%
Magic:  7/7        EV:  5    Int:  8    God:    Okawaru [*.....]
Gold:   320        SH: 12    Dex: 11    Spells: 6/6 levels left

rFire    . . .     SeeInvis .   a - +0 mace (crush)
rCold    . . .     Gourm    .   c - +0 shield
rNeg     . . .     Faith    .   q - +0 plate armour
rPois    .         Spirit   .   C - +0 helmet
rElec    .         Reflect  +   (no cloak)
rCorr    .         Harm     .   (no gloves)
MR       .....                  (no boots)
Stlth    ..........             g - +2 amulet of reflection
HPRegen  0.25/turn              (no ring)
MPRegen  0.10/turn              (no ring)

@: berserking, very quick
A: no striking features
a: Heroism, Renounce Religion, Convert to Beogh


You were on level 6 of the Dungeon.
You worshipped Okawaru.
Okawaru was aware of your devotion.
You were hungry.

You visited 1 branch of the dungeon, and saw 6 of its levels.

You collected 320 gold pieces.

Inventory:

Hand Weapons
 a - a +0 mace of crushing (weapon)
 b - a +0 hunting sling
 k - a +0 trident
 y - a +0 hand axe of freezing
 A - a +1 dagger of draining
 E - a +0 flail of protection
 P - a +1 dagger of venom
Missiles
 h - 164 stones
 i - 85 arrows
 v - 27 poisoned needles
 D - 40 sling bullets (quivered)
Armour
 c - a +0 shield (worn)
 m - a +0 scale mail
 q - a +0 plate armour (worn)
 C - a +0 helmet (worn)
Jewellery
 g - a +2 amulet of reflection (around neck)
 r - a cursed ring of teleportation
 t - an uncursed ring of poison resistance {unknown}
 L - an uncursed ring of protection from fire {unknown}
 Q - an uncursed ring of positive energy {unknown}
Wands
 N - a wand of flame (13)
Scrolls
 e - a scroll of noise
 n - 2 scrolls of fog {unknown}
 o - 3 scrolls of remove curse
 w - 2 scrolls of immolation {unknown}
 B - 2 scrolls of identify
 F - a scroll of random uselessness {unknown}
 H - a scroll of fear {unknown}
 I - a scroll of teleportation
 J - 2 scrolls of magic mapping {unknown}
 M - a scroll of enchant weapon {unknown}
Potions
 d - a potion of might
 l - a potion of degeneration
 p - a potion of ambrosia {unknown}
 s - a potion of brilliance {unknown}
 u - a potion of flight {unknown}
 z - 2 potions of mutation
 G - 3 potions of agility {unknown}
 K - 2 potions of magic {unknown}
 O - a potion of heal wounds {unknown}
Comestibles
 f - 9 rations


   Skills:
 + Level 4.5 Fighting
 + Level 1.8 Short Blades
 + Level 3.5 Maces & Flails
 + Level 3.1 Polearms
 + Level 1.2(1.3) Slings
 + Level 0.6(1.0) Throwing
 + Level 5.6 Armour
 + Level 0.5 Dodging
 + Level 0.3 Stealth
 + Level 5.3 Shields


You had 6 spell levels left.
You didn't know any spells.
Your spell library was empty.

Dungeon Overview and Level Annotations

Branches:
Dungeon (6/15)             Temple (0/1) D:5

Altars:
Ashenzari
Fedhas
Nemelex Xobeh
Okawaru
Qazlal
Sif Muna
Uskayaw
Wu Jian
Yredelemnul
The Shining One

Annotations:
D:6 Menkaure


Message History

Beogh smites you!
* * * LOW HITPOINT WARNING * * *
A red film seems to cover your vision as you go berserk!
You feel yourself moving faster!
You feel mighty! The orc hits you with a +0 falchion.
* * * LOW HITPOINT WARNING * * *
The orc priest calls down the wrath of Beogh upon you.
Beogh smites you!
* * * LOW HITPOINT WARNING * * *
You hit the orc.
You kill the orc!
Okawaru accepts your kill.
You closely miss the orc priest.
You are feeling hungry.
The orc priest shouts, "Surrender to Beogh and we'll let you live!"
You block the orc priest's attack.
You closely miss the orc priest.
The orc priest mumbles some strange prayers to Beogh against you.
Beogh smites you!
You die...

+####+######..######..
...........[##......#
..........#.##.#....#
......#.#...<.......#
......._............#
......#.#...........#####
##..........##+###......#
.#........<.'....#......#
.#..........#...@oM.....#
.+..........#+####......#
.#..........#....#.o....#
+#..........#....+o.....#
#..........#....#M.....#
#..........#....#o.....#
#..........#....#......#
#.)........#....#......#
#..........#..M.'......#


You could see Menkaure and 2 orc priests.

Vanquished Creatures
  2 ice beasts (D:5)
  2 crimson imps (D:5)
  A bullfrog skeleton (D:4)
  An orc priest (D:3)
  An iguana (D:5)
  4 orc wizards
  2 worker ants (D:4)
  A killer bee zombie (D:6)
  2 hound zombies (D:6)
  5 adders
  2 oozes
  A worm (D:3)
  4 dart slugs
  4 leopard geckos
  12 orcs
  A ball python (D:3)
  5 giant cockroaches
  3 hobgoblins
  2 jackals (D:2)
  A kobold (D:2)
  A quokka (D:2)
  A ball python skeleton (D:4)
  4 bats
  6 frilled lizards
  2 gnoll zombies (D:4)
  5 goblins
  8 rats
83 creatures vanquished.

Notes
Turn   | Place    | Note
-------+----------+-------------------------------------------
     0 | D:1      | humpolec the Hill Orc Fighter began the quest for the Orb.
     0 | D:1      | Reached XP level 1. HP: 19/19 MP: 1/1
   428 | D:1      | Reached XP level 2. HP: 27/27 MP: 2/2
  1116 | D:2      | Reached XP level 3. HP: 28/33 MP: 3/3
  1124 | D:2      | Found a blossoming altar of Fedhas.
  1376 | D:2      | Found an iron altar of Okawaru.
  1384 | D:2      | Became a worshipper of Warmaster Okawaru
  1915 | D:3      | Reached XP level 4. HP: 40/40 MP: 4/4
  2228 | D:3      | Found a deep blue altar of Sif Muna.
  2310 | D:3      | Reached skill level 1 in Short Blades
  2323 | D:3      | Reached XP level 5. HP: 27/46 MP: 5/5
  2397 | D:3      | Found a stormy altar of Qazlal.
  2494 | D:3      | Found a shattered altar of Ashenzari.
  2698 | D:4      | Reached XP level 6. HP: 17/52 MP: 6/6
  2998 | D:4      | Reached * piety under Okawaru
  2998 | D:4      | Reached skill level 1 in Maces & Flails
  3081 | D:4      | Found a glowing golden altar of the Shining One.
  3184 | D:4      | Found a basalt altar of Yredelemnul.
  3262 | D:4      | Found a hide-covered altar of Uskayaw.
  3600 | D:5      | Entered Level 5 of the Dungeon
  3659 | D:5      | Found a staircase to the Ecumenical Temple.
  3780 | D:5      | Reached skill level 1 in Slings
  3780 | D:5      | Reached skill level 5 in Armour
  4267 | D:5      | Noticed an ice beast
  4282 | D:5      | Killed an ice beast
  4282 | D:5      | Reached skill level 5 in Shields
  4282 | D:5      | Reached XP level 7. HP: 59/59 MP: 7/7
  4359 | D:6      | Found an ornate altar of the Wu Jian Council.
  4435 | D:6      | Found a sparkling altar of Nemelex Xobeh.
  5011 | D:6      | Noticed Menkaure
  5027 | D:6      | Killed from afar by an orc priest

Skill      XL: |  1  2  3  4  5  6  7 |
---------------+----------------------+-----
Polearms       | 3 |  3.1
Armour         | 4 5 |  5.6
Short Blades   | 1 |  1.8
Fighting       | 4 |  4.5
Shields        | 4 5 |  5.3
Maces & Flails | 2 3 |  3.5
Slings         | 1 |  1.2
Throwing       | |  0.6
Dodging        | |  0.5
Stealth        | |  0.3

Action                   |  1- 3 |  4- 6 |  7- 9 || total
-------------------------+-------+-------+-------++-------
Melee: Trident           |    32 |       |       ||    32
       Dagger            |    84 |    93 |       ||   177
       Mace              |       |   187 |    68 ||   255
       Flail             |       |    20 |       ||    20
 Fire: Hunting sling     |       |    26 |       ||    26
Throw: Stone             |    31 |       |       ||    31
Invok: Heroism           |       |       |     1 ||     1
  Use: Scroll            |     3 |     4 |     1 ||     8
       Potion            |       |     4 |     4 ||     8
  Eat: Ration            |     1 |     3 |       ||     4
Armor: Scale mail        |    37 |     6 |       ||    43
       Plate armour      |       |   178 |    40 ||   218
Dodge: Dodged            |    33 |    33 |    16 ||    82
Block: Shield            |    49 |   165 |    49 ||   263
       Reflection        |       |     6 |       ||     6
